 Dungeon Crawl Stone Soup version 0.29-a0-559-g359e09b9d1 (webtiles) character file.

Game seed: 2139015487365229885

14 zeratav the Stinger (level 2, 0/17 HPs)
             Began as an Octopode Venom Mage on June 10, 2022.
             Slain by a dart slug (1 damage)
             ... on level 1 of the Dungeon.
             The game lasted 00:00:52 (374 turns).

zeratav the Stinger (Octopode Venom Mage)            Turns: 374, Time: 00:00:53

Health: 0/17       AC:  1    Str:  7    XL:     2   Next: 45%
Magic:  5/5        EV: 13    Int: 17    God:
Gold:   14         SH:  0    Dex: 12    Spells: 4/5 levels left

rFire   . . .      SeeInvis .   b - +0 dagger {short}
rCold   . . .      Faith    .   (no shield)
rNeg    . . .      Spirit   .   (helmet restricted)
rPois   .          Reflect  .   (no amulet)
rElec   .          Harm     .   (no ring)
rCorr   .          Rampage  .   (no ring)
Will    .....                   (no ring)
Stlth   +++.......              (no ring)
HPRegen 0.05/turn               (no ring)
MPRegen 0.09/turn               (no ring)
                                (no ring)
                                (no ring)

@: no status effects
A: almost no armour, amphibious, 8 rings, camouflage 1, gelatinous body 1,
(nimble swimmer 1), tentacles
a: no special abilities


You were on level 1 of the Dungeon.
You visited 1 branch of the dungeon, and saw 1 of its levels.

You collected 14 gold pieces.


Innate Abilities, Weirdness & Mutations

You cannot wear most types of armour.
You are amphibious.
You can wear up to eight rings at the same time.
Your skin changes colour to match your surroundings (Stealth+).
Your rubbery body absorbs attacks. (AC +1, EV +1)
((You are camouflaged when in or above water. (Stealth+)))
You have tentacles for arms and can constrict up to eight enemies at once.


   Skills:
 - Level 2.0 Dodging
 + Level 3.0 Stealth
 + Level 2.1 Spellcasting
 - Level 1.0 Transmutations
 + Level 0.7 Air Magic
 * Level 4.0 Poison Magic


You had 4 spell levels left.
You knew the following spells:

 Your Spells              Type           Power      Damage    Failure   Level
a - Sting                 Tmut/Pois      40%        1d5       7%          1

Your spell library contained the following spells:

 Spells                   Type           Power      Damage    Failure   Level
 Poisonous Vapours        Pois/Air       18%        N/A       11%         2
 Mephitic Cloud           Conj/Pois/Air  7%         N/A       30%         3
 Olgreb's Toxic Radiance  Pois           15%        N/A       34%         4

Inventory:

Hand Weapons
 b - a +0 dagger (weapon) {short}
   (You took it off a goblin on level 1 of the Dungeon)
Scrolls
 d - a scroll of identify {unknown}
 e - a scroll of brand weapon {unknown}
Potions
 a - a potion of magic
 c - a potion of heal wounds {unknown}

Dungeon Overview and Level Annotations

Branches:
Dungeon (1/15)

Altars:

Shops:
D:1

( #.#......## #.#####♣.
#.##...##.######.# ##
#.##...##....(.#.# ###
#.##...##†..(..+.# #..
#.##...##......#######..
#..+...##...[..#....##..
####....########....##..
........†...............
.?......@w............###
...##......######.)...##
... ###....... #......#
.. ####.)...##...##.#
.....##...##.##
.....##...##..#
....[########.# ....# #..
##.


You could see a dart slug.


Message History

You are too injured to fight recklessly!
A hobgoblin is nearby!
You start resting.
HP[+6] MP[+2]
Your hp is fully restored (17).
Your mp is fully restored (5).
A hobgoblin is nearby!
A dart slug comes into view.
The hobgoblin shouts!
The sting hits the hobgoblin.
The hobgoblin is poisoned.
MP[-1]
You lost 1 mp, and now have 4/5 mp.
The sting misses the hobgoblin.
You kill the hobgoblin!
Your Stealth skill increases to level 3!
MP[-1]
You lost 1 mp, and now have 3/5 mp.
The sting hits the dart slug.
The dart slug is poisoned.
MP[-1]
You lost 1 mp, and now have 2/5 mp.
The sting hits the dart slug.
The dart slug looks even sicker.
You kill the dart slug!
Your Poison Magic skill increases to level 4!
MP[-1]
You lost 1 mp, and now have 1/5 mp.
You can't see any susceptible monsters within range! (Use Z to cast anyway.)
e - a scroll labelled YVIASI DEFITZ MP[+4]
Your mp is fully restored (5).
A dart slug comes into view.
A dart slug is nearby!
A goblin and a rat come into view.
The goblin shouts!
A hobgoblin comes into view.
You closely miss the goblin.
The hobgoblin shouts!
Your grab misses the goblin. The goblin barely misses you.
The dart slug barely misses you.
You barely miss the goblin. Your grab misses the goblin.
The goblin hits you with a +0 club. The dart slug misses you.
HP[-2]
You take 2 damage, and now have 15/17 hp.
You hit the goblin but do no damage. Your grab misses the goblin.
The goblin closely misses you.
You hit the hobgoblin. Your grab misses the hobgoblin.
Your squeeze misses the hobgoblin. The dart slug closely misses you.
The goblin closely misses you. The hobgoblin hits you.
HP[-4]
You take 4 damage, and now have 11/17 hp.
MASSIVE DAMAGE!! (PAUSE)
You are too injured to fight recklessly!
You are too injured to fight recklessly!
You are too injured to fight recklessly!
You are too injured to fight recklessly!
You are too injured to fight recklessly!
You are too injured to fight recklessly!
You are too injured to fight recklessly!
You are too injured to fight recklessly!
You are too injured to fight recklessly!
You are too injured to fight recklessly!
You are too injured to fight recklessly!
You are too injured to fight recklessly!
You are too injured to fight recklessly!
You are too injured to fight recklessly!
You are too injured to fight recklessly!
You are too injured to fight recklessly!
You hit the hobgoblin. Your grab misses the hobgoblin.
The goblin barely misses you. The hobgoblin closely misses you.
The dart slug launches a dart at you. The slug dart hits you.
* * * LOW HITPOINT WARNING * * *
HP[-4]
You take 4 damage, and now have 7/17 hp.
MASSIVE DAMAGE!! (PAUSE)
You hit the hobgoblin. Your grab misses the hobgoblin.
You squeeze the hobgoblin.
You kill the hobgoblin!
The rat bites you but does no damage. The goblin closely misses you.
The dart slug misses you.
You hit the goblin.
You kill the goblin!
The rat bites you.
* * * LOW HITPOINT WARNING * * *
HP[-2]
You take 2 damage, and now have 5/17 hp.
The rat closely misses you. The dart slug closely misses you.
You see here a +0 club {mace}.
HP[+1]
You barely miss the rat. You grab the rat. You squeeze the rat.
You kill the rat!
The dart slug launches a dart at you. The slug dart hits you.
* * * LOW HITPOINT WARNING * * *
HP[-5]
You take 5 damage, and now have 1/17 hp.
MASSIVE DAMAGE!! (PAUSE)
You hit the dart slug but do no damage. You grab the dart slug.
You constrict the dart slug, but do no damage.
You hit the dart slug but do no damage. You constrict the dart slug.
The dart slug bites you.
You die...

Skill      XL: |  1  2 |
---------------+-------+-----
Stealth        | 3 |  3.0
Poison Magic   | 4 |  4.0
Dodging        | |  2.0
Spellcasting   | |  2.1
Transmutations | |  1.0
Air Magic      | |  0.7

Action                   || total
-------------------------++-------
Melee: Dagger            ||    16
       Constrict         ||     6
       Tentacles         ||     6
       Unarmed           ||     2
 Cast: Sting             ||     7
Armor: Skin              ||     1
Dodge: Dodged            ||    16

Levels and vault maps discovered:
D:1:      shiori_arrival_oz, layout_basic, serial_shops, nicolae_shop_trees

Notes
Turn   | Place    | Note
-------+----------+-------------------------------------------
     0 | D:1      | zeratav the Octopode Venom Mage began the quest for the
                  | Orb.
     0 | D:1      | Reached XP level 1. HP: 11/11 MP: 3/3
     0 | D:1      | magus.rc [v1.9.6]
   110 | D:1      | Found Laefuny's Antique Weapon Boutique.
   181 | D:1      | Reached XP level 2. HP: 11/17 MP: 3/5
   300 | D:1      | Reached skill level 3 in Stealth
   302 | D:1      | Reached skill level 4 in Poison Magic
   372 | D:1      | HP: 1/17 [dart slug/slug dart (5)]
   374 | D:1      | Slain by a dart slug

Vanquished Creatures
  A dart slug (D:1)
  3 goblins (D:1)
  3 hobgoblins (D:1)
  A kobold (D:1)
  A ball python (D:1)
  2 rats (D:1)
11 creatures vanquished.

Table legend:
 A = Non-vault XP
 B = Vault XP
 C = Vault XP percentage of total XP
 D = Non-vault monster count
 E = Vault monster count
 F = Vault count percentage of total count
                 A         B        C        D         E       F
            +---------+---------+-------+---------+---------+-------
      Total |      21 |       0 |   0.0 |      11 |       0 |   0.0
            +---------+---------+-------+---------+---------+-------
        D:1 |      21 |       0 |   0.0 |      11 |       0 |   0.0
            +---------+---------+-------+---------+---------+-------

Illustrated notes

Table legend:
 A = Kills in this place as a percentage of kills in entire the game.
 B = Kills by you in this place as a percentage of kills by you in the entire game.
 C = Kills by friends in this place as a percentage of kills by friends in the entire game.
 D = Other kills in this place as a percentage of other kills in the entire game.
 E = Experience gained in this place as a percentage of experience gained in the entire game.
 F = Experience gained in this place divided by the number of levels of this place that you have seen.
                   A       B       C       D       E      F
               +-------+-------+-------+-------+-------+----------------------
         Total | 100.0 | 100.0 |   N/A |   N/A | 100.0 |  21.0
       Dungeon | 100.0 | 100.0 |   N/A |   N/A | 100.0 |  21.0
               +-------+-------+-------+-------+-------+----------------------

Table legend: (Time is in decaauts)
 A = Elapsed time spent in this place.
 B = Non-inter-level travel time spent in this place.
 C = Inter-level travel time spent in this place.
 D = Time resting spent in this place.
 E = Time spent auto-exploring this place.
 F = Levels seen in this place.
 G = Mean time per level.
                   A        B        C        D        E       F      G
               +--------+--------+--------+--------+--------+-----+--------+
         Total |    373 |    373 |      0 |    110 |    183 |   1 |  373.0 |
       Dungeon |    373 |    373 |      0 |    110 |    183 |   1 |  373.0 |
               +--------+--------+--------+--------+--------+-----+--------+

Top non-repeatable levels by time:
     D:1: 373 daAuts
